 Dungeon Sprint DCSS version 0.26-a0-652-gafc20e3620 (webtiles) character file.

Game seed: 11284659118895944571

436 Conn the Gusty (level 6, -1/55 HPs)
             Began as a Troll Air Elementalist on Oct 2, 2020.
             Was an Initiate of Sif Muna.
             Slain by Sonja
             ... wielding a +0 short sword of distortion
              (7 damage)
             ... in the Dungeon (Sprint I: "Red Sonja").
             The game lasted 00:08:47 (374 turns).

Conn the Gusty (Troll Air Elementalist)              Turns: 374, Time: 00:08:48

Health: -1/55      AC:  6    Str: 17    XL:     6   Next: 69%
Magic:  4/13       EV: 11    Int: 13    God:    Sif Muna [......]
Gold:   77         SH:  0    Dex: 10    Spells: 0/15 levels left

rFire    . . .     SeeInvis .     - Unarmed
rCold    . . .     Faith    .   (no shield)
rNeg     . . .     Spirit   .   a - +0 robe
rPois    +         Reflect  .   (helmet restricted)
rElec    .         Harm     .   (no cloak)
rCorr    .         Rampage  .   (gloves unavailable)
MR       .....     NoTele   +   (boots unavailable)
Stlth    ++........             (no amulet)
HPRegen  0.58/turn              j - ring of poison resistance
MPRegen  0.13/turn              (no ring)

@: very slightly contaminated, hasted and slowed
A: large, unfitting armour, claws 3, regeneration 1, shaggy fur 1, tough skin 3
a: Renounce Religion


You were in the Dungeon.
You worshipped Sif Muna.
Sif Muna was noncommittal.
You visited 1 branch You collected 297 gold pieces.
You spent 220 gold pieces at shops.

Inventory:

Hand Weapons
 b - a +0 scythe
Armour
 a - a +0 robe (worn)
Jewellery
 j - a ring of poison resistance (left claw)
Scrolls
 g - a scroll of fog {unknown}
 i - a scroll of immolation {unknown}
Potions
 f - 2 potions of magic


   Skills:
 + Level 1.2 Fighting
 + Level 4.4 Dodging
 + Level 2.2 Stealth
 + Level 4.3 Unarmed Combat
 * Level 5.4 Spellcasting
 + Level 1.9 Conjurations
 + Level 6.2 Air Magic


You couldn't memorise any spells.
You knew the following spells:

 Your Spells              Type           Power        Failure   Level
a - Shock                 Conj/Air       ##..         3%          1
b - Swiftness             Air            ###.....     1%          2
c - Static Discharge      Conj/Air       ##......     10%         3
d - Airstrike             Air            ###.......   14%         4
e - Lightning Bolt        Conj/Air       ##........   67%         5

Your spell library contained the following spells:

 Spells                   Type           Power        Failure   Level


Dungeon Overview and Level Annotations

Branches:
Dungeon (1/1)

Altars:
Cheibriados
Dithmenos
Elyvilon
Fedhas
Gozag
Hepliaklqana
Kikubaaqudgha
Nemelex Xobeh
Okawaru
Qazlal
Ru
Sif Muna
Trog
Uskayaw
Vehumet
Wu Jian
Yredelemnul
Zin
The Shining One

Shops:
D =

Annotations:
D Sonja


Innate Abilities, Weirdness & Mutations

You are too large for most types of armour.
You have claws for hands.
Your natural rate of healing is unusually fast.
You are covered in fur. (AC +1)
You have extremely tough skin. (AC +3)


Message History

Aiming: Airstrike (dangerous; 14% risk of failure)
Press: ? - help, Dir - move target cursor, f/p - Sonja
Aim: Sonja, wielding a +0 short sword of distortion (lightly wounded)
The air twists around and strikes Sonja!
Sonja is heavily wounded.
Sonja closely misses you. Sonja barely misses you.
Sonja hits you but does no damage. Space warps horribly around you!
* * * LOW HITPOINT WARNING * * *
Casting: Airstrike (dangerous; 14% risk of failure)
Confirm with . or Enter, or press ? or * to list all spells.
Aiming: Airstrike (dangerous; 14% risk of failure)
Press: ? - help, Dir - move target cursor, f/p - Sonja
Aim: Sonja, wielding a +0 short sword of distortion (heavily wounded)
You miscast Airstrike.
You are very lightly contaminated with residual magic.
Nothing appears to happen.
Sonja closely misses you.
Sonja hits you with a +0 short sword of distortion.
* * * LOW HITPOINT WARNING * * *
Sonja hits you but does no damage. Space bends around you.
You die...

#<.#..'..#..'..#
#..)[.#..'†[#..+
#..#####'#####'#
#..####..#...#.#
#..#__####..##[#
#..#_____##(#_.+
#⌠⌠#_.∩..('(§._#
####_K.__##_.#'#
#@____###'#.#
####### #.###
$.$ $.$ ##.##
#+#


You could see Sonja.

Vanquished Creatures
  Sigmund (D)
  A yak (D)
  An ogre (D)
  A jelly (D)
  Ijyb (D)
5 creatures vanquished.

Notes
Turn   | Place    | Note
-------+----------+-------------------------------------------
     0 | D        | Conn the Troll Air Elementalist began the quest for the
                  | Orb.
     0 | D        | Reached XP level 1. HP: 16/16 MP: 1/1
     1 | D        | Noticed Ijyb
    43 | D        | Killed Ijyb
    43 | D        | Reached skill level 3 in Air Magic
    43 | D        | Reached XP level 2. HP: 14/24 MP: 0/4
    84 | D        | Learned a level 2 spell: Swiftness
    85 | D        | Noticed an ogre
    93 | D        | Killed an ogre
    93 | D        | Reached skill level 1 in Unarmed Combat
    93 | D        | Reached skill level 1 in Conjurations
    93 | D        | Reached skill level 4 in Air Magic
    93 | D        | Reached XP level 3. HP: 31/31 MP: 0/7
    93 | D        | Reached XP level 4. HP: 39/39 MP: 0/8
   111 | D        | Learned a level 3 spell: Static Discharge
   116 | D        | Learned a level 4 spell: Airstrike
   151 | D        | Noticed Sigmund
   162 | D        | Killed Sigmund
   162 | D        | Reached skill level 5 in Air Magic
   162 | D        | Reached XP level 5. HP: 18/46 MP: 8/11
   162 | D        | Reached XP level 6. HP: 22/54 MP: 8/12
   228 | D        | Found an ornate altar of the Wu Jian Council.
   228 | D        | Found a shimmering blue altar of Sif Muna.
   230 | D        | Found a radiant altar of Vehumet.
   269 | D        | Found Ytoc's Jewellery Emporium.
   269 | D        | Found an ancient bone altar of Kikubaaqudgha.
   269 | D        | Found a hazy altar of Hepliaklqana.
   269 | D        | Found a stormy altar of Qazlal.
   269 | D        | Found a hide-covered altar of Uskayaw.
   269 | D        | Found a blossoming altar of Fedhas.
   269 | D        | Found a bloodstained altar of Trog.
   269 | D        | Found an iron altar of Okawaru.
   269 | D        | Found a basalt altar of Yredelemnul.
   269 | D        | Found a glowing golden altar of the Shining One.
   269 | D        | Found a snail-covered altar of Cheibriados.
   269 | D        | Found a sacrificial altar of Ru.
   269 | D        | Found a glowing silver altar of Zin.
   269 | D        | Found a shadowy altar of Dithmenos.
   269 | D        | Found a white marble altar of Elyvilon.
   269 | D        | Noticed a yak
   270 | D        | Found an opulent altar of Gozag.
   282 | D        | Killed a yak
   282 | D        | Reached skill level 1 in Fighting
   282 | D        | Reached skill level 5 in Spellcasting
   282 | D        | Reached skill level 6 in Air Magic
   283 | D        | Found a sparkling altar of Nemelex Xobeh.
   301 | D        | Became a worshipper of Sif Muna the Loreminder
   310 | D        | Bought an uncursed ring of poison resistance for 220 gold
                  | pieces
   349 | D        | Learned a level 5 spell: Lightning Bolt
   350 | D        | Noticed Sonja
   374 | D        | Slain by Sonja

Illustrated notes

Levels and vault maps discovered:
D:        dungeon_sprint_1 [red_sonja_temple_1, red_sonja_temple_small_1]

Skill      XL: |  1  2  3  4  5  6 |
---------------+-------------------+-----
Dodging        | 2 3 4 |  4.4
Spellcasting   | 2 3 4 5 |  5.4
Air Magic      | 3 4 5 6 |  6.2
Unarmed Combat | 1 3 4 |  4.3
Conjurations   | 1 |  1.9
Stealth        | 2 |  2.2
Fighting       | 1 |  1.2

Action                   |  1- 3 |  4- 6 || total
-------------------------+-------+-------++-------
Melee: Unarmed           |    14 |    25 ||    39
Throw: Dart              |       |     7 ||     7
 Cast: Shock             |     4 |       ||     4
       Swiftness         |     1 |     1 ||     2
       Airstrike         |       |     1 ||     1
       Static Discharge  |       |     1 ||     1
  Use: Potion            |     1 |     3 ||     4
       Scroll            |       |     1 ||     1
 Stab: Sleeping          |       |     1 ||     1
Armor: Robe              |     5 |     7 ||    12
Dodge: Dodged            |     7 |    13 ||    20

Table legend: (Time is in decaauts)
 A = Elapsed time spent in this place.
 B = Non-inter-level travel time spent in this place.
 C = Inter-level travel time spent in this place.
 D = Time resting spent in this place.
 E = Time spent auto-exploring this place.
 F = Levels seen in this place.
 G = Mean time per level.
                   A        B        C        D        E       F      G
               +--------+--------+--------+--------+--------+-----+--------+
         Total |    374 |    374 |      0 |    136 |      0 |   1 |  374.0 |
       Dungeon |    374 |    374 |      0 |    136 |      0 |   1 |  374.0 |
               +--------+--------+--------+--------+--------+-----+--------+

Top non-repeatable levels by time:
       D: 374 daAuts
